 Dungeon Crawl Stone Soup version 0.17-a0-1504-gb7d9117 (webtiles) character file.

7214 Chiseanne the Fighter (level 10, -1/83 HPs)
             Began as a Demonspawn Warper on July 9, 2015.
             Was an Elder of Okawaru.
             Slain by Torax's ghost (16 damage)
             ... on level 10 of the Dungeon.
             The game lasted 00:27:00 (9131 turns).

Chiseanne the Fighter (Demonspawn Warper)           Turns: 9131, Time: 00:27:00

Health: -1/83      AC: 10    Str: 13    XL:     10   Next: 87%
Magic:  0/13       EV: 20    Int: 16    God:    Okawaru [****..]
Gold:   634        SH:  0    Dex: 18    Spells: 3 memorised, 8 levels left

rFire  . . .     SeeInvis .       - Unarmed
rCold  . . .     Clarity  .     i - +1 scale mail
rNeg   . . .     SustAt   .     (no shield)
rPois  +         Gourm    .     T - +0 hat
rElec  .         Spirit   +     (no cloak)
rCorr  .         Warding  .     (no gloves)
rMut   .         Stasis   .     (no boots)
MR     +....                    n - amulet of guardian spirit
Stlth  ++........               D - ring of poison resistance
                                B - ring of protection from magic

@: agile, about to teleport, heroism, very slightly contaminated, hasted,
drained, very quick, somewhat resistant to hostile enchantments, unstealthy
A: claws 1, hooves 1, horns 1, powered by death 1, regeneration 1, spiny 2
a: Heroism, Renounce Religion


You were on level 10 of the Dungeon.
You worshipped Okawaru.
Okawaru was greatly pleased with you.
You were not hungry.

You visited 1 branch of the dungeon, and saw 10 of its levels.

You collected 634 gold pieces.

Inventory:

Hand weapons
 a - a +2 dagger of venom
 v - the +0 whip "Wumoof" {drain, rN+ MR+ Int+5}
   (You found it on level 6 of the Dungeon)

   A truly terrible weapon, it drains the life of those it strikes.
   It affects your intelligence (+5).
   It protects you from negative energy.
   It affects your resistance to hostile enchantments.
 w - a +0 blowgun
Missiles
 b - 86 sling bullets
 g - 20 arrows of flame
 m - 146 arrows
 x - 23 poisoned needles
 y - 39 bolts
 G - 5 tomahawks (quivered)
 L - 4 javelins
 R - 5 arrows of frost
Armour
 i - a +1 scale mail (worn)
 T - a +0 hat (worn)
Jewellery
 h - an uncursed ring of sustain attributes
 n - an amulet of guardian spirit (around neck)
 s - an uncursed ring of flight
 B - a ring of protection from magic (left claw)
 D - a ring of poison resistance (right claw)
Magical devices
 H - a wand of draining (4)
 M - a wand of fire (8)
 O - a wand of disintegration (16)
 U - a wand of digging (7)
Scrolls
 d - 3 scrolls of blinking
 u - 2 scrolls of recharging
 C - a scroll of fog
 F - a scroll of fear
 K - a scroll of remove curse
 P - a scroll of enchant armour
 X - a scroll of immolation
 Z - a scroll of identify
Potions
 j - a potion of brilliance
 k - a potion of agility
 l - 4 potions of curing
 p - 2 potions of cure mutation
 q - a potion of resistance
 t - a potion of magic {unknown}
 z - a potion of cancellation
 Q - a potion of lignification {unknown}
 W - 2 potions of ambrosia {unknown}
Books
 c - a book of Spatial Translocations

   Spells                             Type                      Level
   a - Apportation                    Translocation                1
   b - Blink                          Translocation                2
   c - Shroud of Golubria             Charms/Translocation         2
   d - Portal Projectile              Translocation                3
   e - Teleport Other                 Translocation                3
   f - Passage of Golubria            Translocation                4
 e - a Grand Grimoire

   Spells                             Type                      Level
   a - Monstrous Menagerie            Summoning                    6
   b - Summon Greater Demon           Summoning                    7
   c - Malign Gateway                 Summoning/Translocation      7
   d - Summon Horrible Things         Summoning                    8
 I - a Young Poisoner's Handbook

   Spells                             Type                      Level
   a - Sting                          Conjuration/Poison           1
   b - Cure Poison                    Poison                       2
   c - Mephitic Cloud                 Conjuration/Poison/Air       3
   d - Olgreb's Toxic Radiance        Poison                       4
   e - Venom Bolt                     Conjuration/Poison           5
 S - an Akashic Record

   Spells                             Type                      Level
   a - Dispersal                      Translocation                6
   b - Controlled Blink               Translocation                7
   c - Malign Gateway                 Summoning/Translocation      7
   d - Disjunction                    Translocation                8
Comestibles
 f - 6 bread rations
 o - 5 meat rations
 r - 4 beef jerkies
 A - 2 royal jellies
 E - 28 fruits
 N - a slice of pizza
 Y - 3 chunks of flesh


   Skills:
 * Level 9.4(13.0) Fighting
   Level 1.7(5.5) Axes
 - Level 0.8(4.6) Throwing
 * Level 8.4(11.9) Armour
 + Level 6.0(9.6) Dodging
 * Level 7.9(11.5) Unarmed Combat
 - Level 2.0(0.9) Spellcasting
 - Level 2.6(1.6) Translocations


You had 8 spell levels left.
You knew the following spells:

 Your Spells              Type           Power        Failure   Level  Hunger
a - Apportation           Tloc           #.........   43%         1    ##.....
b - Blink                 Tloc           N/A          69%         2    ###....
c - Shroud of Golubria    Chrm/Tloc      #.........   80%         2    ###....


Dungeon Overview and Level Annotations

Branches:
Dungeon (10/15)            Temple (0/1) D:7            Lair (0/8) D:8
    Orc: D:9-12

Altars:
Ashenzari
Elyvilon
Fedhas
Gozag
Makhleb
Okawaru
Sif Muna
Trog
Vehumet
Xom
The Shining One

Shops:
D:5 %

Annotations:
D:7 cosh's ghost, experienced MiFi
D:10 Torax's ghost, experienced DrTm


Innate Abilities, Weirdness & Mutations

You have sharp fingernails.
You have large cloven feet.
You have a pair of small horns on your head.
You regenerate a little health from kills.
You are mostly covered in sharp spines.
Your natural rate of healing is unusually fast.


Message History

Torax's ghost is heavily damaged.
You scratch Torax's ghost but do no damage.
Your kick misses Torax's ghost.
Torax's ghost is heavily damaged.
Torax's ghost says, "You can run, but you can't hide!"
Torax's ghost is struck by your spines. Torax's ghost hits you!
* * * LOW HITPOINT WARNING * * *
You closely miss Torax's ghost.
You kick Torax's ghost, but do no damage.
Torax's ghost is heavily damaged.
You scratch Torax's ghost but do no damage.
Your kick misses Torax's ghost.
You headbutt Torax's ghost, but do no damage.
Torax's ghost is heavily damaged.
Torax's ghost hits you!
* * * LOW HITPOINT WARNING * * *
Read which item? (? for menu, Esc to quit)
As you read the scroll of teleportation, it crumbles to dust.
You feel strangely unstable. Torax's ghost hits you!!
You die...

#..##. #.... #...# #...#
#...# ####### #...#
......#######.##...#####.#
........ ......W@....)...#
......###########..######
......... .........#
.....<# ######.## ......#
#.# ......# #.#
##.##############.#
##.####...........#
........#.#########


You could see Torax's ghost.

Vanquished Creatures
  Gastronok (D:9)
  Erolcha (D:8)
  A centaur warrior (D:9)
  The ghost of runewalsh the Frost Mage, an experienced OpIE of Sif Muna (D:8)
  Grinder (D:5)
  5 yaks (D:10)
  A hungry ghost (D:9)
  A hippogriff (D:9)
  Duvessa (D:5)
  A black bear (D:8)
  2 ogres
  2 centaurs
  3 big kobolds
  4 sky beasts
  A giant frog (D:8)
  Dowan (D:5)
  9 killer bees
  2 crimson imps
  3 hounds
  A giant frog skeleton (D:5)
  4 orc wizards (D:5)
  3 iguanas
  3 orc priests
  2 worker ants
  Natasha (thrice) (D:4)
  A worker ant zombie (D:7)
  8 adders
  17 gnolls
  2 shadow imps (D:7)
  A white imp (D:8)
  An adder zombie (D:9)
  A worm (D:2)
  2 giant geckos
  30 orcs
  A bat skeleton (D:4)
  A bat zombie (D:6)
  5 giant cockroaches
  9 goblins
  15 hobgoblins
  8 jackals
  15 bats
  A giant cockroach zombie (D:5)
  3 giant newts
  A goblin zombie (D:8)
  2 hobgoblin zombies (D:8)
  29 kobolds
  2 kobold skeletons (D:8)
  An orc skeleton (D:8)
  An orc zombie (D:8)
  6 quokkas
  A quokka skeleton (D:9)
  A quokka zombie (D:6)
  16 rats
  A plant (D:9)
239 creatures vanquished.

Notes
Turn   | Place    | Note
--------------------------------------------------------------
     0 | D:1      | Chiseanne the Demonspawn Warper began the quest for the Orb.
     0 | D:1      | Reached XP level 1. HP: 16/16 MP: 3/3
   135 | D:1      | Reached skill level 1 in Armour
   368 | D:1      | You fall through a shaft!
   445 | D:2      | Found a shattered altar of Ashenzari.
   462 | D:2      | Gained mutation: You have a pair of small horns on your head. [demonic ancestry]
   462 | D:2      | Reached XP level 2. HP: 20/23 MP: 3/5
  1028 | D:2      | Gained mutation: You have large cloven feet. [demonic ancestry]
  1028 | D:2      | Reached XP level 3. HP: 21/28 MP: 4/6
  1435 | D:2      | Reached skill level 3 in Fighting
  2002 | D:2      | Gained mutation: You have sharp fingernails. [demonic ancestry]
  2002 | D:2      | Reached XP level 4. HP: 26/35 MP: 4/7
  2687 | D:3      | Reached skill level 1 in Unarmed Combat
  2900 | D:3      | Found a faded altar to an unknown god.
  2996 | D:3      | Gained mutation: You regenerate a little health from kills. [demonic ancestry]
  2996 | D:3      | Reached XP level 5. HP: 41/41 MP: 8/8
  3054 | D:3      | Found a white marble altar of Elyvilon.
  3092 | D:3      | Found a bloodstained altar of Trog.
  3200 | D:4      | Noticed an ogre
  3214 | D:4      | Killed an ogre
  3294 | D:4      | Reached skill level 4 in Fighting
  3351 | D:4      | Noticed Natasha
  3355 | D:4      | Killed Natasha
  3355 | D:4      | Gained mutation: You are partially covered in sharp spines. [demonic ancestry]
  3355 | D:4      | Reached XP level 6. HP: 48/48 MP: 9/9
  3442 | D:4      | Found an iron altar of Okawaru.
  3452 | D:4      | Found a deep blue altar of Sif Muna.
  3486 | D:4      | Noticed Natasha
  3492 | D:4      | Killed Natasha
  3713 | D:4      | Gained mutation: Your natural rate of healing is unusually fast. [potion of beneficial mutation]
  3796 | D:4      | Noticed Natasha
  3796 | D:4      | Killed Natasha
  4203 | D:5      | Entered Level 5 of the Dungeon
  4229 | D:5      | Noticed Duvessa
  4229 | D:5      | Noticed Dowan
  4241 | D:5      | Killed Dowan
  4243 | D:5      | Killed Duvessa
  4251 | D:5      | Reached XP level 7. HP: 40/55 MP: 4/10
  4371 | D:5      | Noticed Grinder
  4375 | D:5      | Paralysed by Grinder for 3 turns
  4387 | D:5      | Killed Grinder
  4387 | D:5      | Reached skill level 5 in Fighting
  4521 | D:5      | Found Morghyffu's Food Shoppe.
  4764 | D:5      | Reached XP level 8. HP: 48/63 MP: 6/11
  4771 | D:5      | Learned a level 2 spell: Blink
  4779 | D:5      | Learned a level 2 spell: Shroud of Golubria
  5258 | D:6      | Got a translucent whip
  5259 | D:6      | Identified the cursed +0 whip "Wumoof" {drain, rN+ MR+ Int+5} (You found it on level 6 of the Dungeon)
  5465 | D:6      | Found an opulent altar of Gozag.
  5716 | D:4      | Became a worshipper of Warmaster Okawaru
  5895 | D:6      | Found a shimmering altar of Xom.
  5897 | D:6      | Found a shimmering altar of Xom.
  5921 | D:6      | Found a shimmering altar of Xom.
  5923 | D:6      | Found a shimmering altar of Xom.
  5925 | D:6      | Found a shimmering altar of Xom.
  5926 | D:6      | Found a shimmering altar of Xom.
  6159 | D:6      | Found a burning altar of Makhleb.
  6167 | D:6      | Reached skill level 5 in Armour
  6319 | D:7      | Reached skill level 6 in Fighting
  6434 | D:7      | You fall through a shaft!
  6457 | D:8      | Found a blossoming altar of Fedhas.
  6524 | D:7      | Found a staircase to the Ecumenical Temple.
  6890 | D:7      | Found a radiant altar of Vehumet.
  6959 | D:7      | Noticed cosh's ghost (experienced MiFi)
  7366 | D:8      | Reached skill level 5 in Unarmed Combat
  7421 | D:8      | Acquired Okawaru's first power
  7423 | D:8      | Noticed Erolcha
  7436 | D:8      | Killed Erolcha
  7436 | D:8      | Reached skill level 7 in Fighting
  7436 | D:8      | Reached XP level 9. HP: 35/72 MP: 4/12
  7574 | D:8      | Noticed runewalsh's ghost (experienced OpIE)
  7592 | D:8      | Killed runewalsh's ghost
  7675 | D:8      | Found a staircase to the Lair.
  7771 | D:8      | Found a glowing golden altar of the Shining One.
  7868 | D:8      | Reached skill level 8 in Fighting
  7969 | D:8      | Reached skill level 5 in Dodging
  8253 | D:9      | Noticed Gastronok
  8258 | D:9      | Gained mutation: You are mostly covered in sharp spines. [demonic ancestry]
  8258 | D:9      | Reached XP level 10. HP: 80/80 MP: 13/13
  8276 | D:9      | Killed Gastronok
  8439 | D:9      | Noticed a centaur warrior
  8450 | D:9      | Killed a centaur warrior
  8450 | D:9      | Reached skill level 9 in Fighting
  8837 | D:10     | Entered Level 10 of the Dungeon
  9111 | D:10     | Noticed Torax's ghost (experienced DrTm)
  9131 | D:10     | Slain by Torax's ghost

Vault maps used:
D:1:      dpeg_arrival_orchard
D:2:      ashenzari_altar_1, serial_park_tiny_pond
D:3:      nicolae_overflow_hidden_temple, elyvilon_altar_3, ecumenical_altar_2
D:4:      amethyst_overflow_temple_binary, first_bread, uniq_natasha
D:5:      serial_shops, shop, uniq_duvessa, uniq_grinder
D:6:      old_standard_altar, makhleb_grotto_becter, xom_redecorated
D:7:      lemuel_doored_altar, minmay_temple_entry_glass
D:8:      fedhas_altar_3, nicolae_tso_besieged_by_evil, lair_0_dummy,
          uniq_erolcha
D:9:      blue_anna_alchemist, uniq_gastronok

Action                   |  1- 3 |  4- 6 |  7- 9 | 10-12 || total
-------------------------+-------+-------+-------+-------++-------
Melee: Hand axe          |   152 |   115 |       |       ||   267
       Unarmed           |       |    33 |   303 |    94 ||   430
 Fire: Blowgun           |       |       |     8 |       ||     8
Throw: Javelin           |       |    22 |     9 |       ||    31
       Tomahawk          |       |     8 |     8 |       ||    16
       Throwing net      |       |       |     1 |       ||     1
 Cast: Apportation       |     2 |       |     2 |     1 ||     5
Invok: Heroism           |       |       |     1 |     4 ||     5
Evoke: Wand              |       |       |     5 |       ||     5
  Use: Scroll            |     7 |     9 |    10 |     2 ||    28
       Potion            |       |     3 |     4 |     3 ||    10
 Stab: Sleeping          |     1 |       |       |       ||     1
       Held in net/web   |       |       |     1 |       ||     1
       Fleeing           |       |       |     1 |       ||     1
  Eat: Chunk             |     4 |     7 |    11 |     4 ||    26
       Fruit             |       |       |     2 |       ||     2
